 Dungeon Crawl Stone Soup version 0.30-a0-618-gd6c86c23d0 (webtiles) character file.

Game seed: 6177049361796075587

18 voltaire321 the Charlatan (level 2, -3/17 (21) HPs)
             Began as a Demonspawn Artificer on Jan 9, 2023.
             Slain by a goblin
             ... wielding a +2 dagger of venom
              (4 damage)
             ... on level 1 of the Dungeon.
             The game lasted 00:01:38 (388 turns).

voltaire321 the Charlatan (Demonspawn Artificer)     Turns: 388, Time: 00:01:39

HP:   -3/17 (21)    AC:  6    Str: 12    XL:     2   Next: 48%
MP:   2/2           EV: 11    Int: 12    God:
Gold: 72            SH:  0    Dex: 13    Spells: 1/1 levels left

rFire   . . .      SeeInvis .    i - +0 dagger (drain)
rCold   . . .      Faith    .    (no shield)
rNeg    . . .      Spirit   .    g - +0 scale mail
rPois   .          Reflect  .    (no helmet)
rElec   .          Harm     .    (no cloak)
rCorr   .          Rampage  .    (no gloves)
Will    .....                    (no boots) Stlth
                                 (no amulet)
HPRegen 0.22/turn                (no ring)
MPRegen 0.08/turn                (no ring)

@: lethally poisoned (-3 -> -22), heavily drained
A: repulsion field 1
a: no special abilities


You were on level 1 of the Dungeon.
You visited 1 branch of the dungeon, and saw 1 of its levels.

You collected 72 gold pieces.

Inventory:

Hand Weapons
 i - a +0 dagger of draining (weapon)
Armour
 g - a +0 scale mail (worn)
Wands
 c - a wand of flame (14) (quivered)
 d - a wand of charming (15)
 e - a wand of iceblast (5)
Scrolls
 b - a scroll of immolation {unknown}
 f - a scroll of fear {unknown}
 h - a scroll of identify {unknown}
 k - a scroll of magic mapping {unknown}
Potions
 a - a potion of resistance {unknown}
 j - a potion of might {unknown}


   Skills:
 + Level 1.4 Fighting
 + Level 2.1 Armour
 + Level 1.3 Dodging
 - Level 0.8 Stealth
 + Level 3.2 Evocations


You had one spell level left.
You didn't know any spells.
Your spell library was empty.

Dungeon Overview and Level Annotations

Branches:
Dungeon (1/15)

Altars:


Innate Abilities, Weirdness & Mutations

You are surrounded by a mild repulsion field. (EV +2)


Message History

The hobgoblin closely misses you.
You hit the hobgoblin but do no damage. You drain the hobgoblin.
You kill the hobgoblin!
Things that are here:
a +0 club; a hobgoblin corpse; a quokka corpse
There is a stone staircase leading down here.
You now have 27 gold pieces (gained 12).
A hobgoblin comes into view.
The hobgoblin shouts!
The hobgoblin hits you but does no damage.
You hit the hobgoblin. You drain the hobgoblin.
You kill the hobgoblin!
You see here a hobgoblin corpse.
You now have 32 gold pieces (gained 5).
You now have 42 gold pieces (gained 10).
j - a murky silvery potion
k - a scroll labelled XIW ZIOSHRAQ You now have 58 gold pieces (gained 16).
Found a stone staircase leading down.
There is a stone staircase leading down here.
You now have 72 gold pieces (gained 14).
Found a chain mail.
A goblin comes into view. It is wielding a +2 dagger of venom.
Found a stone staircase leading down.
The goblin shouts!
You see here a +0 chain mail.
Found a blue potion.
The goblin hits you with a +2 dagger of venom.
You are poisoned.
You hit the goblin.
The goblin is heavily wounded.
You feel very sick.
The goblin hits you with a +2 dagger of venom.
You are more poisoned.
You closely miss the goblin.
The goblin is heavily wounded.
* * * LOW HITPOINT WARNING * * *
You feel very sick.
The goblin hits you with a +2 dagger of venom.
You die...

.#.# #####..#..#...
....... .#.# #.......#
....... .#.# #..~.~..#
#######
.#.############...⌠~..#
.................~.~..#
########
##...##########.......#
#....... #.#.#
#.##.####.##.######
#.#.# #..[......##.#
#.. #.#.#
##@#########.# #.#
#.#.##### #!.g.# #.#
#.# #.#.....# #..####
#.# #.# #.......+..>
#.# #.# ####....### #.#
#.. ...# #.# #.# ..#
#####.# #†# ## #.....#
#.# #.########.#


You could see a goblin.

Vanquished Creatures
  2 ball pythons (D:1)
  3 giant cockroaches (D:1)
  2 goblins (D:1)
  3 hobgoblins (D:1)
  2 quokkas (D:1)
  A bat (D:1)
  A frilled lizard (D:1)
14 creatures vanquished.

Notes
Turn   | Place    | Note
-------+----------+-------------------------------------------
     0 | D:1      | voltaire321 the Demonspawn Artificer began the quest for
                  | the Orb.
     0 | D:1      | Reached XP level 1. HP: 15/15 MP: 1/1
   112 | D:1      | Reached skill level 1 in Dodging
   188 | D:1      | Gained mutation: You are surrounded by a mild repulsion
                  | field. (EV +2) [demonic ancestry]
   188 | D:1      | Reached XP level 2. HP: 14/16 MP: 2/2
   388 | D:1      | Slain by a goblin

Illustrated notes

Levels and vault maps discovered:
D:1:      wheals_arrival_linesprint, layout_basic, corexii_leaking_fountain

Skill      XL: |  1 |
---------------+----+-----
Dodging        | 1 |  1.3
Armour         | 2 |  2.1
Fighting       | |  1.4
Stealth        | |  0.8
Evocations     | |  3.2

Action                   || total
-------------------------++-------
Melee: Club              ||    35
       Dagger            ||    37
Evoke: Wand              ||     1
Armor: Scale mail        ||    38
Dodge: Dodged            ||    37

Table legend: (Time is in decaauts)
 A = Elapsed time spent in this place.
 B = Non-inter-level travel time spent in this place.
 C = Inter-level travel time spent in this place.
 D = Time resting spent in this place.
 E = Time spent auto-exploring this place.
 F = Levels seen in this place.
 G = Mean time per level.
                   A        B        C        D        E       F      G
               +--------+--------+--------+--------+--------+-----+--------+
         Total |    398 |    398 |      0 |      0 |    232 |   1 |  398.0 |
       Dungeon |    398 |    398 |      0 |      0 |    232 |   1 |  398.0 |
               +--------+--------+--------+--------+--------+-----+--------+

Top non-repeatable levels by time:
     D:1: 398 daAuts
